 Dungeon Crawl Stone Soup version 0.30-a0-222-ge547ba4400 (webtiles) character file.

Game seed: 3821475567353896697

5827 qw the Cleaver (level 10, -1/64 HPs)
             Began as a Gargoyle Fighter on Oct 8, 2022.
             Was an Elder of Okawaru.
             Slain by a death yak (5 damage)
             ... on level 1 of the Lair of Beasts.
             The game lasted 00:03:08 (8507 turns).

qw the Cleaver (Gargoyle Fighter)                   Turns: 8507, Time: 00:03:09

Health: -1/64      AC: 23    Str: 27 (28) XL:     10   Next: 80%
Magic:  15/15      EV: 11    Int:  6 (8)  God:    Okawaru [****..]
Gold:   81         SH:  4    Dex:  8      Spells: 9/9 levels left

rFire   . . .      SeeInvis .    Y - +3 war axe
rCold   . . .      Faith    .    c - +0 buckler
rNeg    + . .      Spirit   .    s - +0 plate armour
rPois   inf        Reflect  .    a - +2 helmet
rElec   +          Harm     .    (no cloak)
rCorr   .          Rampage  .    (no gloves)
Will    .....                    (no boots)
Stlth   ..........               (no amulet)
HPRegen 0.30/turn                o - +4 ring of evasion
MPRegen 0.14/turn                (no ring)

@: about to teleport
A: sickness immunity, AC +7, negative energy resistance 1, electricity
resistance, torment resistance 1, petrification resistance, strong 1, MP-powered
wands
a: Renounce Religion, Heroism, Finesse


You were on level 1 of the Lair of Beasts.
You worshipped Okawaru.
Okawaru was greatly pleased with you.
You visited 3 branches of the dungeon, and saw 10 of its levels.

You collected 412 gold pieces.
You spent 331 gold pieces at shops.


Innate Abilities, Weirdness & Mutations

You are immune to sickness and miasma.
Your stone body is resilient. (AC +7)
You are immune to poison.
You resist negative energy. (rN+)
You are resistant to electric shocks. (rElec)
You are resistant to unholy torment.
You are immune to petrification.
Your muscles are strong. (Str +4, Int/Dex -1)
You expend magic power (3 MP) to strengthen your wands.


   Skills:
 - Level 8.0 Fighting
 + Level 10.1 Axes
 - Level 1.6 Throwing
 - Level 6.0 Armour
 - Level 1.2 Dodging
 - Level 5.0 Shields
 + Level 7.5 Invocations


You had 9 spell levels left.
You didn't know any spells.
Your spell library was empty.

Inventory:

Hand Weapons
 j - a +0 morningstar
 Y - a +3 war axe (weapon)
Missiles
 e - 2 boomerangs (quivered)
Armour
 a - a +2 helmet (worn)
 c - a +0 buckler (worn)
 s - a +0 plate armour (worn)
Jewellery
 o - a +4 ring of evasion (left hand)
Scrolls
 b - a scroll of blinking {unknown}
 k - 2 scrolls of identify
 r - a scroll of teleportation
Potions
 d - 4 potions of might
 f - a potion of resistance
 g - a potion of mutation
 h - a potion of attraction
 l - 5 potions of curing
 m - a potion of lignification
 p - a potion of magic

Dungeon Overview and Level Annotations

Branches:
Dungeon (8/15)             Temple (1/1) D:4            Lair (1/5) D:8

Altars:
Ashenzari
Cheibriados
Dithmenos
Elyvilon
Fedhas
Hepliaklqana
Kikubaaqudgha
Makhleb
Nemelex Xobeh
Okawaru
Qazlal
Ru
Sif Muna
Trog
Uskayaw
Vehumet
Wu Jian
Xom
Yredelemnul
Zin
The Shining One

Shops:
D:6 ?   D:8 !

Annotations:
D:6 1 runed translucent door, Crazy Yiuf


Message History

The yak gores you. The death yak barely misses you.
You slice the death yak!!
The death yak is severely wounded.
You hit the death yak but do no damage. You slash the yak!
You hit the death yak.
The death yak gores you but does no damage. x3
You hit the death yak.
The death yak is severely wounded.
You hit the death yak. x2; You slash the death yak!
You slash the death yak!
The death yak is almost dead.
You barely miss the death yak. You hit the death yak.
You hit the death yak but do no damage.
The death yak gores you but does no damage.
The death yak barely misses you.
The death yak gores you but does no damage.
You slash the death yak!
The death yak is almost dead.
You slash the death yak! x2; You hit the death yak.
The death yak gores you but does no damage.
The death yak gores you. The death yak gores you!
The death yak gores you but does no damage.
8505 ||| READING 2 scrolls of teleportation.
As you read the scroll of teleportation, it crumbles to dust.
You feel strangely unstable.
The death yak gores you but does no damage.
The death yak misses you. You block the death yak's attack.
The death yak gores you but does no damage.
8506 ||| DRINKING potion of heal wounds.
You feel much better. You block the death yak's attack.
The death yak misses you. You block the death yak's attack.
The death yak gores you!
You hit the death yak but do no damage.
The death yak is almost dead.
You hit the yak. You hit the death yak. You hit the yak.
You slash the death yak! x2
You feel like a meek peon again. The death yak misses you.
The yak gores you but does no damage. x2
The death yak barely misses you. The death yak gores you.
You die...

#..........................
#..#####P#.....###.#.###...
##..#######.....+ ... #...
#........##.....# ... .....
##.##...........#... ......
#..##...............
...#...
##.##....##!?.......
......# #.########YY...#.(.
#.P #@Y.......
#.......YYYYF..##.#
#.........Y........
#.................
................
................
#####...#...... ....#......


You could see 4 death yaks, 4 yaks and a cane toad.

Vanquished Creatures
  Pikel (D:6)
  2 cane toads (Lair:1)
  Grinder (D:6)
  2 blink frogs (Lair:1)
  Prince Ribbit (D:6)
  7 yaks (D:8)
  A basilisk (Lair:1)
  3 water moccasins
  2 ice beasts (D:6)
  2 black bears (D:8)
  2 orc warriors
  3 ogres
  3 centaurs
  2 lemures (D:6)
  2 phantoms
  4 bullfrogs
  3 necrophages
  3 scorpions
  A howler monkey (D:4)
  3 jellies
  3 hounds
  A gnoll bouda (D:6)
  An orc priest (D:4)
  4 iguanas
  2 orc wizards (D:7)
  8 gnolls
  11 adders
  2 shadow imps
  A white imp (D:8)
  An ufetubus (D:6)
  3 worms
  A dart slug (D:3)
  10 orcs
  9 ball pythons
  3 endoplasms
  5 giant cockroaches
  5 hobgoblins
  3 quokkas
  4 bats
  A frilled lizard (D:1)
  9 goblins
  4 kobolds
  4 rats
  A spectral goblin (D:7)
144 creatures vanquished.

Vanquished Creatures (others)
  9 fungi
  5 plants
14 creatures vanquished.

Grand Total: 158 creatures vanquished

Notes
Turn   | Place    | Note
-------+----------+-------------------------------------------
     0 | D:1      | qw the Gargoyle Fighter began the quest for the Orb.
     0 | D:1      | Reached XP level 1. HP: 14/14 MP: 1/1
     0 | D:1      | 0 ||| qw: Version: 0.2-a-17-gfa9de96
     0 | D:1      | 0 ||| qw: Game counter: 1999
     0 | D:1      | 0 ||| qw: Always use a shield: true
     0 | D:1      | 0 ||| qw: God list: Okawaru
     0 | D:1      | 0 ||| qw: Allow faded altars: false
     0 | D:1      | 0 ||| qw: Do Orc after D:15 true
     0 | D:1      | 0 ||| qw: Do second Lair branch before Depths: true
     0 | D:1      | 0 ||| qw: Lair rune preference: random
     0 | D:1      | 0 ||| qw: Plans: Normal, Zot:1-4, God:TSO, Crypt, Tomb,
                  | Pan, Slime:5, Hells, Abyss, Orb
     0 | D:1      | 0 ||| PLANNING D:1-11
   102 | D:1      | Reached skill level 2 in Axes
   115 | D:1      | 115 ||| Stepping ~*~*~tactically~*~*~ (stealth).
   207 | D:1      | Reached XP level 2. HP: 19/19 MP: 2/2
   535 | D:1      | 535 ||| READING 2 scrolls labelled OMOFFIAFAO.
   536 | D:1      | 536 ||| READING 2 scrolls labelled ZUNIDW JOHUE.
   637 | D:1      | 637 ||| READING scroll labelled KAZOUTWETA.
   649 | D:1      | 649 ||| READING scroll labelled ETIUV OMIO.
   650 | D:1      | 650 ||| DROPPING scroll of amnesia.
   651 | D:1      | 651 ||| DROPPING scroll of silence.
   713 | D:2      | 713 ||| STAIRDANCE
   792 | D:2      | Reached skill level 3 in Axes
   792 | D:2      | Reached XP level 3. HP: 22/23 MP: 3/3
   978 | D:2      | 978 ||| Stepping ~*~*~tactically~*~*~ (stealth).
  1001 | D:2      | Found a faded altar of an unknown god.
  1088 | D:2      | 1088 ||| DROPPING +0 club.
  1604 | D:2      | 1604 ||| DRINKING 2 puce potions.
  2039 | D:3      | Reached XP level 4. HP: 25/28 MP: 4/4
  2066 | D:3      | Reached skill level 4 in Axes
  2094 | D:3      | 2094 ||| Stepping ~*~*~tactically~*~*~ (stealth).
  2121 | D:3      | Reached XP level 5. HP: 32/32 MP: 5/5
  2310 | D:3      | Reached skill level 5 in Axes
  2467 | D:3      | 2467 ||| READING 2 scrolls labelled HUGOOH YPAENI.
  2468 | D:3      | 2468 ||| READING scroll labelled OREIPT JIMIE.
  2469 | D:3      | 2469 ||| DROPPING scroll of immolation.
  2542 | D:4      | 2542 ||| DROPPING +0 whip.
  2611 | D:4      | Reached skill level 1 in Dodging
  2611 | D:4      | Reached XP level 6. HP: 28/38 MP: 6/6
  2623 | D:4      | 2623 ||| Stepping ~*~*~tactically~*~*~ (stealth).
  2637 | D:4      | 2637 ||| Stepping ~*~*~tactically~*~*~ (stealth).
  2640 | D:4      | 2640 ||| Stepping ~*~*~tactically~*~*~ (stealth).
  2884 | D:4      | Found a staircase to the Ecumenical Temple.
  2885 | D:4      | 2885 ||| PLANNING TEMPLE
  2885 | D:4      | 2885 ||| UPGRADING to +2 helmet.
  2890 | D:4      | 2890 ||| FLEEEEING.
  2891 | D:4      | 2891 ||| FLEEEEING.
  2892 | D:4      | 2892 ||| FLEEEEING.
  2893 | D:4      | 2893 ||| FLEEEEING.
  2894 | D:4      | 2894 ||| FLEEEEING.
  2895 | D:4      | 2895 ||| FLEEEEING.
  2896 | D:4      | 2896 ||| FLEEEEING.
  2897 | D:4      | 2897 ||| FLEEEEING.
  2898 | D:4      | 2898 ||| FLEEEEING.
  2899 | D:4      | 2899 ||| FLEEEEING.
  2900 | D:4      | 2900 ||| FLEEEEING.
  2901 | D:4      | 2901 ||| FLEEEEING.
  2902 | D:4      | 2902 ||| FLEEEEING.
  2906 | D:4      | 2906 ||| FLEEEEING.
  2907 | D:4      | 2907 ||| STAIRDANCE
  2909 | D:3      | 2909 ||| READING scroll labelled ENKEBA TAEK INOS.
  2910 | D:3      | 2910 ||| READING scroll labelled SOIQIZ BUACONN.
  2911 | D:3      | 2911 ||| READING scroll labelled UGESHRU ZAIN.
  2941 | D:4      | 2941 ||| FLEEEEING.
  2964 | Temple   | Entered the Ecumenical Temple
  2968 | Temple   | 2968 ||| PLANNING OKAWARU WORSHIP
  3137 | Temple   | Became a worshipper of Warmaster Okawaru
  3138 | Temple   | 3138 ||| PLANNING D:1-11
  3157 | D:4      | Reached skill level 6 in Axes
  3157 | D:4      | Reached XP level 7. HP: 43/43 MP: 7/7
  3205 | D:4      | 3205 ||| Stepping ~*~*~tactically~*~*~ (stealth).
  3239 | D:4      | 3239 ||| DROPPING +0 flail.
  3478 | D:4      | Found a snail-covered altar of Cheibriados.
  3589 | D:4      | 3589 ||| DRINKING 2 murky inky potions.
  3694 | D:4      | 3694 ||| READING 2 scrolls of identify.
  3694 | D:4      | 3694 ||| IDENTIFYING lumpy clear potion
  3695 | D:4      | 3695 ||| DROPPING potion of berserk rage.
  3696 | D:4      | 3696 ||| DROPPING potion of ambrosia.
  3721 | D:5      | Entered Level 5 of the Dungeon
  3735 | D:5      | Reached skill level 7 in Axes
  3737 | D:5      | 3737 ||| FLEEEEING.
  3739 | D:5      | 3739 ||| STAIRDANCE
  3978 | D:5      | Reached XP level 8. HP: 49/49 MP: 8/8
  4076 | D:5      | Reached skill level 1 in Throwing
  4172 | D:5      | HP: 3/49 [ogre/+0 giant club (20)]
  4173 | D:5      | Reached * piety under Okawaru
  4274 | D:5      | 4274 ||| FLEEEEING.
  4275 | D:5      | 4275 ||| FLEEEEING.
  4276 | D:5      | 4276 ||| FLEEEEING.
  4280 | D:5      | 4280 ||| FLEEEEING.
  4281 | D:5      | 4281 ||| FLEEEEING.
  4282 | D:5      | 4282 ||| FLEEEEING.
  4283 | D:5      | 4283 ||| FLEEEEING.
  4284 | D:5      | 4284 ||| FLEEEEING.
  4285 | D:5      | 4285 ||| FLEEEEING.
  4286 | D:5      | 4286 ||| FLEEEEING.
  4287 | D:5      | 4287 ||| FLEEEEING.
  4288 | D:5      | 4288 ||| FLEEEEING.
  4289 | D:5      | 4289 ||| FLEEEEING.
  4290 | D:5      | 4290 ||| FLEEEEING.
  4291 | D:5      | 4291 ||| FLEEEEING.
  4292 | D:5      | 4292 ||| FLEEEEING.
  4293 | D:5      | 4293 ||| FLEEEEING.
  4294 | D:5      | 4294 ||| FLEEEEING.
  4295 | D:5      | 4295 ||| FLEEEEING.
  4296 | D:5      | 4296 ||| FLEEEEING.
  4299 | D:5      | 4299 ||| FLEEEEING.
  4300 | D:5      | 4300 ||| FLEEEEING.
  4301 | D:5      | 4301 ||| FLEEEEING.
  4302 | D:5      | 4302 ||| FLEEEEING.
  4303 | D:5      | 4303 ||| FLEEEEING.
  4304 | D:5      | 4304 ||| FLEEEEING.
  4305 | D:5      | 4305 ||| FLEEEEING.
  4306 | D:5      | 4306 ||| FLEEEEING.
  4307 | D:5      | 4307 ||| FLEEEEING.
  4314 | D:5      | 4314 ||| FLEEEEING.
  4315 | D:5      | 4315 ||| FLEEEEING.
  4316 | D:5      | 4316 ||| FLEEEEING.
  4317 | D:5      | 4317 ||| FLEEEEING.
  4318 | D:5      | 4318 ||| FLEEEEING.
  4319 | D:5      | 4319 ||| STAIRDANCE
  4355 | D:4      | 4355 ||| DRINKING 2 bubbling inky potions.
  4355 | D:4      | Gained mutation: Your muscles are strong. (Str +4, Int/Dex
                  | -1) [potion of mutation]
  4355 | D:4      | Gained mutation: You expend magic power (3 MP) to
                  | strengthen your wands. [potion of mutation]
  4356 | D:4      | 4356 ||| READING 2 scrolls of identify.
  4356 | D:4      | 4356 ||| IDENTIFYING bubbling puce potion
  4530 | D:5      | Identified the +2 ring mail of the Conjuring Gods {Harm
                  | Drain MP+9 Str+2}
  4768 | D:5      | 4768 ||| DRINKING 2 fizzy inky potions.
  4769 | D:5      | 4769 ||| DRINKING 2 inky potions.
  4770 | D:5      | 4770 ||| DRINKING 2 lumpy emerald potions.
  4845 | D:6      | 4845 ||| Stepping ~*~*~tactically~*~*~ (stealth).
  4847 | D:6      | 4847 ||| Stepping ~*~*~tactically~*~*~ (stealth).
  4850 | D:6      | 4850 ||| INVOKING Heroism.
  4853 | D:6      | HP: 6/49 [ice beast (10)]
  4854 | D:6      | 4854 ||| DRINKING potion of heal wounds.
  4860 | D:6      | Reached skill level 8 in Axes
  4864 | D:6      | 4864 ||| INVOKING Heroism.
  4869 | D:6      | 4869 ||| FLEEEEING.
  4874 | D:6      | Reached skill level 1 in Invocations
  4879 | D:6      | 4879 ||| STAIRDANCE
  5021 | D:6      | Found a sacrificial altar of Ru.
  5100 | D:6      | Noticed Prince Ribbit
  5101 | D:6      | 5101 ||| INVOKING Heroism.
  5108 | D:6      | Killed Prince Ribbit
  5181 | D:6      | 5181 ||| Stepping ~*~*~tactically~*~*~ (stealth).
  5187 | D:6      | Reached skill level 6 in Fighting
  5187 | D:6      | Reached skill level 3 in Invocations
  5187 | D:6      | 5187 ||| Stepping ~*~*~tactically~*~*~ (stealth).
  5193 | D:6      | Noticed Grinder
  5194 | D:6      | 5194 ||| Stepping ~*~*~tactically~*~*~ (stealth).
  5194 | D:6      | Noticed Pikel
  5195 | D:6      | 5195 ||| INVOKING Heroism.
  5203 | D:6      | Paralysed by Grinder for 4 turns
  5213 | D:6      | HP: 10/51 [lemure[Pikel] (3)]
  5214 | D:6      | 5214 ||| INVOKING Heroism.
  5215 | D:6      | Killed Pikel
  5215 | D:6      | Reached ** piety under Okawaru
  5216 | D:6      | Reached XP level 9. HP: 11/55 MP: 8/12
  5221 | D:6      | Killed Grinder
  5222 | D:6      | Reached skill level 9 in Axes
  5508 | D:6      | Found a runed translucent door.
  5509 | D:6      | Noticed Crazy Yiuf
  5629 | D:6      | 5629 ||| Stepping ~*~*~tactically~*~*~ (hiding).
  5689 | D:6      | Found Miory's Magic Scroll Shop.
  5692 | D:6      | 5692 ||| BUYING scroll of enchant weapon (105 gold).
  5692 | D:6      | Bought a scroll of enchant weapon for 105 gold pieces
  5692 | D:6      | 5692 ||| BUYING scroll of identify (28 gold).
  5692 | D:6      | Bought a scroll of identify for 28 gold pieces
  5692 | D:6      | 5692 ||| READING scroll of enchant weapon.
  5692 | D:6      | 5692 ||| ENCHANTING +1 war axe.
  5779 | D:6      | 5779 ||| UPGRADING to +4 ring of evasion.
  5780 | D:6      | 5780 ||| READING scroll labelled YBEAWI REPPOL.
  5849 | D:7      | 5849 ||| STAIRDANCE
  5902 | D:7      | 5902 ||| STAIRDANCE
  5957 | D:7      | 5957 ||| INVOKING Heroism.
  5961 | D:7      | 5961 ||| STAIRDANCE
  6079 | D:7      | Found a hazy altar of Hepliaklqana.
  6106 | D:7      | Found a stormy altar of Qazlal.
  6209 | D:7      | Reached *** piety under Okawaru
  6210 | D:7      | 6210 ||| FLEEEEING.
  6211 | D:7      | 6211 ||| FLEEEEING.
  6215 | D:7      | 6215 ||| FLEEEEING.
  6216 | D:7      | 6216 ||| FLEEEEING.
  6217 | D:7      | 6217 ||| INVOKING Heroism.
  6254 | D:7      | 6254 ||| FLEEEEING.
  6255 | D:7      | 6255 ||| FLEEEEING.
  6256 | D:7      | 6256 ||| FLEEEEING.
  6527 | D:7      | Found a burning altar of Makhleb.
  6527 | D:7      | Noticed an Executioner
  6570 | D:7      | 6570 ||| DROPPING +2 ring mail of the Conjuring Gods {Harm
                  | Drain MP+9 Str+2}.
  6571 | D:7      | 6571 ||| UPGRADING to +0 plate armour.
  6581 | D:7      | 6581 ||| DROPPING +0 scale mail.
  6582 | D:7      | 6582 ||| DROPPING amulet of faith.
  6583 | D:7      | 6583 ||| READING scroll labelled KIAMPU REUX.
  6584 | D:7      | 6584 ||| READING 3 scrolls of identify.
  6584 | D:7      | 6584 ||| IDENTIFYING purple potion
  6585 | D:7      | 6585 ||| DROPPING potion of brilliance.
  6797 | D:8      | Found a basalt altar of Yredelemnul.
  6868 | D:8      | 6868 ||| INVOKING Heroism.
  6877 | D:8      | Reached XP level 10. HP: 47/63 MP: 11/13
  6881 | D:8      | Reached **** piety under Okawaru
  6882 | D:8      | Reached skill level 10 in Axes
  7060 | D:8      | Found Uhevatow's Distillery.
  7069 | D:8      | 7069 ||| BUYING 2 potions of curing (66 gold).
  7069 | D:8      | Bought 2 potions of curing for 66 gold pieces
  7069 | D:8      | 7069 ||| BUYING potion of curing (33 gold).
  7069 | D:8      | Bought a potion of curing for 33 gold pieces
  7069 | D:8      | 7069 ||| BUYING potion of heal wounds (55 gold).
  7069 | D:8      | Bought a potion of heal wounds for 55 gold pieces
  7069 | D:8      | 7069 ||| BUYING potion of might (44 gold).
  7069 | D:8      | Bought a potion of might for 44 gold pieces
  7132 | D:8      | 7132 ||| Stepping ~*~*~tactically~*~*~ (hiding).
  7237 | D:8      | 7237 ||| Stepping ~*~*~tactically~*~*~ (hiding).
  7392 | D:8      | 7392 ||| Stepping ~*~*~tactically~*~*~ (stealth).
  7399 | D:8      | Reached skill level 6 in Armour
  7408 | D:8      | Received a gift from Okawaru
  7476 | D:8      | 7476 ||| Stepping ~*~*~tactically~*~*~ (stealth).
  7480 | D:8      | 7480 ||| Stepping ~*~*~tactically~*~*~ (stealth).
  7498 | D:8      | Reached skill level 6 in Invocations
  7584 | D:8      | Found a staircase to the Lair.
  7585 | D:8      | 7585 ||| INVOKING Heroism.
  8172 | D:8      | 8172 ||| PLANNING LAIR
  8172 | D:8      | 8172 ||| READING scroll labelled ZACLOT KYRCHET.
  8173 | D:8      | 8173 ||| DRINKING 3 viscous black potions.
  8174 | D:8      | 8174 ||| READING 3 scrolls of identify.
  8174 | D:8      | 8174 ||| IDENTIFYING black potion
  8175 | D:8      | 8175 ||| DROPPING 2 potions of degeneration.
  8206 | Lair:1   | Entered Level 1 of the Lair of Beasts
  8207 | Lair:1   | 8207 ||| INVOKING Heroism.
  8208 | Lair:1   | 8208 ||| Stepping ~*~*~tactically~*~*~ (stealth).
  8247 | Lair:1   | 8247 ||| INVOKING Heroism.
  8397 | Lair:1   | 8397 ||| READING scroll of enchant weapon.
  8397 | Lair:1   | 8397 ||| ENCHANTING +2 war axe.
  8413 | Lair:1   | Noticed a cane toad
  8414 | Lair:1   | 8414 ||| INVOKING Heroism.
  8423 | Lair:1   | Killed a cane toad
  8475 | Lair:1   | Noticed a cane toad
  8476 | Lair:1   | 8476 ||| INVOKING Heroism.
  8479 | Lair:1   | 8479 ||| Stepping ~*~*~tactically~*~*~ (stealth).
  8483 | Lair:1   | Killed a cane toad
  8486 | Lair:1   | Noticed a death yak
  8486 | Lair:1   | Noticed a death yak
  8486 | Lair:1   | Noticed a death yak
  8492 | Lair:1   | Noticed a death yak
  8496 | Lair:1   | Noticed a cane toad
  8504 | Lair:1   | HP: 4/64 [death yak (13)]
  8505 | Lair:1   | 8505 ||| READING 2 scrolls of teleportation.
  8506 | Lair:1   | 8506 ||| DRINKING potion of heal wounds.
  8507 | Lair:1   | Slain by a death yak

Levels and vault maps discovered:
D:1:      ncdulo_smallfort, layout_loops_ring
D:2:      layout_basic, shapermc_ecumenical_altar_acropolis
D:3:      layout_basic, minmay_mini_jars
D:4:      layout_cave_pools, chei_slow_surprise, minmay_temple_entry_butterflies
D:5:      layout_cave_pods
D:6:      layout_cave_pools, nicolae_ru_sacrificial_ziggurat, serial_shops,
          kennysheep_mini_moat, chequers_serial_rivers_micro_d,
          hangedman_decor_growths, serial_park_tiny_pond, uniq_prince_ribbit1,
          uniq_pikel, uniq_crazy_yiuf_cottage, uniq_grinder
D:7:      layout_rooms, nicolae_hepliaklqana_monster_ancestors,
          nicolae_qazlal_general_emergency, makhleb_altar_promises_db
D:8:      layout_layer_cave, overflow_temple_1_default,
          grunt_lair_entry_orc_guard_hut, serial_shops, shop_statue
Temple:   nicolae_temple_bog_church
Lair:1:   layout_regular_city, enter_volcano_4, uniq_gastronok

Skill      XL: |  1  2  3  4  5  6  7  8  9 10 |
---------------+-------------------------------+-----
Axes           | 2 3 4 5 6 7 8 9 10 | 10.1
Fighting       | 4 5 6 7 8 |  8.0
Dodging        | 1 |  1.2
Throwing       | 1 |  1.6
Invocations    | 5 7 |  7.5
Shields        | 4 5 |  5.0
Armour         | 5 6 |  6.0

Action                   |  1- 3 |  4- 6 |  7- 9 | 10-12 || total
-------------------------+-------+-------+-------+-------++-------
Melee: War axe           |   129 |   132 |   195 |   110 ||   566
Throw: Boomerang         |       |       |    56 |    26 ||    82
       Javelin           |       |       |       |     5 ||     5
Invok: Heroism           |       |       |     8 |     5 ||    13
  Use: Scroll            |     4 |     5 |     6 |     4 ||    19
       Potion            |     1 |       |     6 |     2 ||     9
Armor: Scale mail        |    61 |    70 |    79 |       ||   210
       Plate armour      |       |       |     8 |    61 ||    69
Dodge: Dodged            |    50 |    71 |   102 |    56 ||   279
Block: Buckler           |    27 |    29 |    39 |    26 ||   121

Table legend:
 A = Non-vault XP
 B = Vault XP
 C = Vault XP percentage of total XP
 D = Non-vault monster count
 E = Vault monster count
 F = Vault count percentage of total count
                 A         B        C        D         E       F
            +---------+---------+-------+---------+---------+-------
      Total |    6235 |    2090 |  25.1 |     121 |      21 |  14.8
            +---------+---------+-------+---------+---------+-------
        D:1 |      18 |       0 |   0.0 |      11 |       0 |   0.0
        D:2 |      46 |       0 |   0.0 |      17 |       0 |   0.0
        D:3 |     100 |      88 |  46.8 |      12 |      10 |  45.5
        D:4 |     575 |       0 |   0.0 |      26 |       0 |   0.0
        D:5 |     611 |       0 |   0.0 |      12 |       0 |   0.0
        D:6 |     872 |    1242 |  58.8 |      14 |       3 |  17.6
        D:7 |     442 |       3 |   0.7 |      10 |       2 |  16.7
        D:8 |    1763 |     757 |  30.0 |      12 |       6 |  33.3
     Lair:1 |    1808 |       0 |   0.0 |       7 |       0 |   0.0
            +---------+---------+-------+---------+---------+-------
